 Dungeon Crawl Stone Soup version 0.16.1-11-g651b585 (webtiles) character file.

529 jacksonaction the Destroyer (level 7, -1/36 HPs)
             Began as a Deep Elf Conjurer on Apr 7, 2015.
             Was an Initiate of Sif Muna.
             Slain by advil's ghost (12 damage)
             ... on level 5 of the Dungeon.
             The game lasted 00:32:37 (4888 turns).

jacksonaction the Destroyer (Deep Elf Conjurer)     Turns: 4888, Time: 00:32:37

Health: -1/36      AC:  3    Str:  5    XL:     7   Next: 3%
Magic:  13/20      EV: 13    Int: 22    God:    Sif Muna [......]
Gold:   167        SH:  0    Dex: 15    Spells: 4 memorised, 1 level left

rFire  . . .     SeeInvis .     a - +0 dagger (freeze)
rCold  . . .     Clarity  .     D - +0 robe
rNeg   . . .     SustAb   .     (no shield)
rPois  .         Gourm    .     (no helmet)
rElec  .         Spirit   .     (no cloak)
rCorr  .         Warding  .     (no gloves)
rMut   .         Stasis   .     f - +0 pair of boots
MR     .....                    (no amulet)
Stlth  ++........               (no ring)
                                (no ring)

@: not resistant to hostile enchantments, unstealthy
A: no striking features
a: Renounce Religion


You were on level 5 of the Dungeon.
You worshipped Sif Muna.
Sif Muna was noncommittal.
You were very hungry.

You visited 2 branches of the dungeon, and saw 6 of its levels.

You collected 222 gold pieces.
You spent 55 gold pieces at shops.

Inventory:

Hand weapons
 a - a +0 dagger of freezing (weapon)
Missiles
 g - 18 poisoned needles
 h - 30 stones
 p - 3 javelins (quivered)
Armour
 f - a +0 pair of boots (worn)
 D - a +0 robe (worn)
Magical devices
 y - a wand of slowing (18)
 B - a wand of cold (5)
 G - a wand of digging (16)
Scrolls
 e - 2 scrolls of fear {unknown}
 i - 3 scrolls of immolation
 j - 2 scrolls of blinking
 n - a scroll of recharging {unknown}
 o - 3 scrolls of enchant weapon {unknown}
 s - 2 scrolls of enchant armour {unknown}
 t - 2 scrolls of random uselessness {unknown}
 z - 2 scrolls of magic mapping {unknown}
 A - a scroll of identify
 C - a scroll of amnesia {unknown}
 E - a scroll of brand weapon {unknown}
 F - 2 scrolls of remove curse
Potions
 d - a potion of degeneration {unknown}
 k - a potion of agility {unknown}
 l - a potion of restore abilities {unknown}
 q - 2 potions of curing
 u - a potion of lignification {unknown}
 w - a potion of might {unknown}
 x - a potion of heal wounds {unknown}
Books
 c - a book of Conjurations

   Spells                             Type                      Level
   a - Magic Dart                     Conjuration                  1
   b - Searing Ray                    Conjuration                  2
   c - Dazzling Spray                 Conjuration/Hexes            3
   d - Fulminant Prism                Conjuration/Hexes            4
   e - Iskenderun's Mystic Blast      Conjuration                  4
   f - Iskenderun's Battlesphere      Conjuration/Charms           5
Comestibles
 b - 4 bread rations
 m - a chunk of flesh
 r - 3 fruits
 v - 2 meat rations


   Skills:
 - Level 2.4 Dodging
 - Level 2.4 Stealth
 - Level 3.5 Spellcasting
 + Level 8.7 Conjurations
 - Level 3.3 Charms


You had one spell level left.
You knew the following spells:

 Your Spells              Type           Power        Failure   Level  Hunger
a - Magic Dart            Conj           ####         1%          1    None
b - Searing Ray           Conj           #####.       1%          2    ##.....
c - Iskenderun's Mystic   Conj           #####...     3%          4    ####...
d - Iskenderun's Battles  Conj/Chrm      ####....     34%         5    ######.


Dungeon Overview and Level Annotations

Branches:
Dungeon (5/15)             Temple (1/1) D:5

Altars:
Ashenzari
Cheibriados
Dithmenos
Fedhas
Gozag
Kikubaaqudgha
Makhleb
Nemelex Xobeh
Okawaru
Qazlal
Sif Muna
Trog
Xom
Yredelemnul
Zin
The Shining One

Shops:
D:4 [*[[

Annotations:
D:5 advil's ghost, experienced VSMo


Message History

Aim: advil's ghost (heavily damaged, chance 19%)
Okay, then.
There is an open door here.
There is an open door here.
Advil's ghost ripples.
Your magical contamination has completely faded away.
There is an open door here.
Advil's ghost swings its fists at you.
There is an open door here.
There is an open door here.
There is an open door here.
Advil's ghost hits you!
* * * LOW HITPOINT WARNING * * *
You are feeling very hungry.
Some of the chunks of flesh in your inventory have rotted away.
There is an open door here.
There is a stone staircase leading up here.
Advil's ghost laughs crazily.
Advil's ghost hits you!
You die...

. ..#.............#+###+##.......
....+............................
##..#..............[.......b..
.#..####'#######+#........#
.#..+............+.(......+
.+..#........... #........#
.##.###..###+##+##........#
..#.###..###.##..#........##
..#..........#..@W..........
..'..........+...#..........
..#...<......#...#..........
..##+###.#......##.......... '##
######## ###+#..... ..+ ..... ..#
..... ..# ... #+#


You could see advil's ghost.

Vanquished Creatures
  An ogre (D:4)
  A centaur (D:5)
  A hound (D:4)
  An orc priest (D:4)
  An iguana (D:4)
  4 orc wizards (D:4)
  4 adders
  4 gnolls (D:4)
  A shadow imp (D:2)
  A worm (D:3)
  An ooze (D:1)
  9 orcs
  4 bats
  4 giant cockroaches
  11 hobgoblins
  6 kobolds
  A quokka (D:4)
  A ball python (D:4)
  3 giant geckos
  8 giant newts
  6 goblins
  9 rats
82 creatures vanquished.

Notes
Turn   | Place    | Note
--------------------------------------------------------------
     0 | D:1      | jacksonaction, the Deep Elf Conjurer, began the quest for the Orb.
     0 | D:1      | Reached XP level 1. HP: 10/10 MP: 5/5
   312 | D:1      | Reached XP level 2. HP: 15/15 MP: 6/8
   413 | D:1      | Reached skill level 5 in Conjurations
   417 | D:1      | Learned a level 2 spell: Searing Ray
  1208 | D:2      | Found a burning altar of Makhleb.
  1211 | D:2      | Reached XP level 3. HP: 19/19 MP: 6/10
  1430 | D:2      | Reached skill level 6 in Conjurations
  1579 | D:2      | Found a blossoming altar of Fedhas.
  1860 | D:3      | Reached XP level 4. HP: 24/24 MP: 10/13
  1874 | D:3      | Learned a level 4 spell: Iskenderun's Mystic Blast
  1886 | D:3      | Found a basalt altar of Yredelemnul.
  2443 | D:4      | Got an encrusted leather armour
  2670 | D:4      | Noticed an ogre
  2676 | D:4      | Killed an ogre
  2676 | D:4      | Reached skill level 7 in Conjurations
  2676 | D:4      | Reached XP level 5. HP: 28/28 MP: 11/16
  3082 | D:4      | Found Riov's Armour Emporium.
  3087 | D:4      | Reached skill level 8 in Conjurations
  3098 | D:4      | Reached XP level 6. HP: 18/32 MP: 13/18
  3141 | D:4      | Learned a level 5 spell: Iskenderun's Battlesphere
  3249 | D:4      | Reached skill level 1 in Charms
  3332 | D:4      | Found a snail-covered altar of Cheibriados.
  3352 | D:4      | Found Schenuel's General Store.
  3358 | D:4      | Bought a scroll of remove curse for 33 gold pieces
  3358 | D:4      | Bought a scroll of identify for 22 gold pieces
  3368 | D:4      | Identified the +2 leather armour "Pooros" {rCorr Dex+3} (You found it on level 4 of the Dungeon)
  3470 | D:4      | Found Jeopemm's Armour Shoppe.
  3493 | D:4      | Noticed a phantom
  3603 | D:4      | Found Pnaemaih's Armour Emporium.
  4072 | D:5      | Entered Level 5 of the Dungeon
  4087 | D:5      | Noticed advil's ghost (experienced VSMo)
  4100 | D:5      | Found a staircase to the Ecumenical Temple.
  4111 | Temple   | Entered the Ecumenical Temple
  4148 | Temple   | Became a worshipper of Sif Muna the Loreminder
  4335 | D:5      | HP: 1/32 [centaur/arrow (14)]
  4650 | D:5      | Reached XP level 7. HP: 27/36 MP: 12/20
  4888 | D:5      | Slain by advil's ghost

Action                   |  1- 3 |  4- 6 |  7- 9 || total
-------------------------+-------+-------+-------++-------
Melee: Dagger            |       |     1 |       ||     1
Throw: Javelin           |       |     5 |       ||     5
       Stone             |       |     3 |       ||     3
 Cast: Magic Dart        |    60 |    59 |     7 ||   126
       Searing Ray       |     1 |    19 |     1 ||    21
       Iskenderun's Batt |       |     1 |     1 ||     2
       Iskenderun's Myst |       |     1 |       ||     1
Evoke: Wand              |       |     2 |       ||     2
  Use: Scroll            |       |     3 |       ||     3
  Eat: Chunk             |     2 |     8 |     1 ||    11
       Pizza             |       |     1 |       ||     1
